 Dungeon Crawl Stone Soup version 0.25.1-2-g60ff931df9 (webtiles) character file.

Game seed: 6297934150469779917

265 demenzo the Sneak (level 6, -12/42 HPs)
             Began as an Octopode Assassin on Oct 21, 2020.
             Was an Initiate of Ru.
             Killed by divine providence
             ... invoked by an orc priest
              (13 damage)
             ... on level 4 of the Dungeon.
             The game lasted 00:08:07 (3490 turns).

demenzo the Sneak (Octopode Assassin)               Turns: 3490, Time: 00:08:07

Health: -12/42     AC:  1    Str: 10    XL:     6   Next: 20%
Magic:  6/6        EV: 14    Int: 15    God:    Ru [......]
Gold:   57         SH:  0    Dex: 14    Spells: 5/5 levels left

rFire    . . .     SeeInvis .   a - +1 short sword (elec)
rCold    . . .     Gourm    .   (no shield)
rNeg     . . .     Faith    .   (helmet restricted)
rPois    .         Spirit   .   (no amulet)
rElec    .         Reflect  .   (no ring)
rCorr    .         Harm     .   (no ring)
MR       .....                  (no ring)
Stlth    ++++......             (no ring)
HPRegen  0.14/turn              (no ring)
MPRegen  0.10/turn              (no ring)
                                (no ring)
                                (no ring)

@: no status effects
A: almost no armour, stealthy swim, amphibious, 8 rings, constrict 8, camouflage
1, gelatinous body 1
a: Renounce Religion


You were on level 4 of the Dungeon.
You worshipped Ru.
Ru was noncommittal.
You were not hungry.

You visited 1 branch of the dungeon, and saw 4 of its levels.

You collected 177 gold pieces.
You spent 120 gold pieces at shops.

Inventory:

Hand Weapons
 a - a +1 short sword of electrocution (weapon)
 y - a +2 dagger
Missiles
 b - 23 poisoned darts (quivered)
 c - 2 curare-tipped darts
 e - 106 stones
 f - 47 bolts
 l - 6 boomerangs
 u - 23 sling bullets
 A - a throwing net
Jewellery
 g - an uncursed ring of protection from cold {unknown}
 h - a cursed amulet of inaccuracy {unknown}
 v - an uncursed ring of see invisible {unknown}
 x - a +6 ring of strength {unknown}
Wands
 D - a wand of random effects (26)
Scrolls
 j - a scroll of enchant armour {unknown}
 k - a scroll of remove curse {unknown}
 m - a scroll of magic mapping {unknown}
 o - 3 scrolls of teleportation
 q - a scroll of fear
Potions
 i - 3 potions of curing
 n - a potion of berserk rage {unknown}
 p - a potion of magic
 r - a potion of mutation
 s - 2 potions of stabbing
 t - 2 potions of flight {unknown}
 w - a potion of might
 z - a potion of haste {unknown}
 C - a potion of heal wounds
Comestibles
 d - 9 rations
 B - 3 chunks of flesh


   Skills:
 + Level 3.3 Fighting
 * Level 4.2 Short Blades
 - Level 2.0 Throwing
 + Level 2.7 Dodging
 + Level 6.5 Stealth


You had 5 spell levels left.
You didn't know any spells.
Your spell library was empty.

Dungeon Overview and Level Annotations

Branches:
Dungeon (4/15)             Temple (0/1) D:4

Altars:
Elyvilon
Ru
Sif Muna
Trog
Xom

Shops:
D:4 !


Innate Abilities, Weirdness & Mutations

You cannot wear most types of armour.
You are very stealthy in the water. (Stealth+)
You are amphibious.
You can wear up to eight rings at the same time.
You can use your tentacles to constrict eight enemies at once.
Your skin changes colour to match your surroundings (Stealth+).
Your rubbery body absorbs attacks. (AC +1, EV +1)


Message History

An orc comes into view. It is wielding a +0 hand axe.
The orc shouts!
You hear a shout! x2
An adder comes into view.
An orc priest comes into view. It is wielding a +0 hand axe.
An orc comes into view.
There is a staircase to the Ecumenical Temple here.
A worm comes into view.
An orc comes into view. It is wielding a +0 trident.
The orc priest shouts!
You hear a shout!
An orc comes into view. It is wielding a +0 falchion.
The orc priest invokes the aid of Beogh against you.
Pain shoots through your body!
The orc priest invokes the aid of Beogh against you.
Beogh smites you!
* * * LOW HITPOINT WARNING * * *
You hear a shout!
The orc priest looks encouraged for a moment.
The orc priest mumbles some strange prayers to Beogh against you.
Beogh smites you!
You die...

..........................
.....###.................#
.... ###∩...<............# #.#
.#..##.#........#.## .#
.....#####.......###
#....##..###.### #.......##.
#...#...# #.#.####.........
#...#...####....##.....#...#
#............@.o##.....# ..#
#..#................o.##..## .
#..................oo.##...##.
#.......#..........oo....o....
#................o.....##...#o
#........#.....##O....#..#.#..
##....#.........#o....#...o#..
###.....###...........#...Z##
#.....## ###...###......O...


You could see an ogre, 2 orc priests and 6 orcs.

Vanquished Creatures
  A howler monkey (D:4)
  An orc priest (D:3)
  A worker ant (D:4)
  6 adders
  2 worms (D:2)
  A dart slug (D:1)
  2 leopard geckos (D:3)
  11 orcs (D:3)
  8 giant cockroaches
  13 hobgoblins
  6 jackals
  A quokka (D:2)
  A ball python (D:1)
  12 bats
  11 frilled lizards
  7 goblins
  10 kobolds
  8 rats
102 creatures vanquished.

Notes
Turn   | Place    | Note
-------+----------+-------------------------------------------
     0 | D:1      | demenzo the Octopode Assassin began the quest for the Orb.
     0 | D:1      | Reached XP level 1. HP: 14/14 MP: 1/1
   177 | D:1      | Reached XP level 2. HP: 19/19 MP: 2/2
   518 | D:1      | Reached XP level 3. HP: 14/24 MP: 3/3
  1007 | D:2      | Found a white marble altar of Elyvilon.
  1136 | D:2      | Found a shimmering blue altar of Sif Muna.
  1171 | D:2      | Found a bloodstained altar of Trog.
  1645 | D:2      | Reached XP level 4. HP: 26/30 MP: 4/4
  1810 | D:2      | Found a bloodstained altar of Trog.
  2071 | D:3      | Reached skill level 6 in Stealth
  2183 | D:3      | Reached XP level 5. HP: 36/36 MP: 5/5
  2281 | D:3      | Found a shimmering altar of Xom.
  2291 | D:3      | Found a sacrificial altar of Ru.
  2309 | D:3      | Became a worshipper of Ru the Awakened
  2915 | D:3      | Found a faded altar of an unknown god.
  3069 | D:4      | Noticed an ogre
  3096 | D:4      | Found Wodaf's Distillery.
  3127 | D:4      | Bought a potion of might for 48 gold pieces
  3127 | D:4      | Bought a potion of degeneration for 12 gold pieces
  3127 | D:4      | Bought a potion of heal wounds for 60 gold pieces
  3372 | D:4      | Found a staircase to the Ecumenical Temple.
  3383 | D:4      | Reached XP level 6. HP: 42/42 MP: 6/6
  3489 | D:4      | HP: 1/42 [orc priest/divine providence (13)]
  3490 | D:4      | Killed from afar by an orc priest

Illustrated notes

Levels and vault maps discovered:
D:1:      minmay_arrival_radiant_lines, layout_rooms
D:2:      minmay_angry_zag, layout_rooms, lemuel_blue_sif_altar,
          marbit_many_paths, lemuel_round_altar, lemuel_altar_in_water
D:3:      layout_loops_cross, nicolae_ru_great_annihilating_truth,
          xom_teletrap_fun, chequers_ecumenical_altar_simple_redux
D:4:      layout_cave_pools, minmay_temple_entry_mini_moons,
          serial_column_ruins, column_ruins_hut, column_ruins_open_small,
          column_ruins_columns_corner, column_ruins_open_large, serial_shops,
          shop, kennysheep_opposing_triangles

Skill      XL: |  1  2  3  4  5 |
---------------+----------------+-----
Short Blades   | 3 4 |  4.2
Dodging        | 2 |  2.7
Stealth        | 6 |  6.5
Fighting       | 3 |  3.3
Throwing       | |  2.0

Action                   |  1- 3 |  4- 6 || total
-------------------------+-------+-------++-------
Melee: Dagger            |    94 |    78 ||   172
       Tentacles         |    18 |    19 ||    37
       Constrict         |    20 |    31 ||    51
       Short sword       |       |    35 ||    35
Throw: Dart              |     1 |       ||     1
  Use: Scroll            |     4 |     4 ||     8
 Stab: Sleeping          |    13 |     7 ||    20
       Paralysed         |       |     1 ||     1
  Eat: Chunk             |     2 |     6 ||     8
Armor: Skin              |     7 |     6 ||    13
Dodge: Dodged            |    55 |    65 ||   120
